 Dungeon Crawl Stone Soup version 0.31-a0-214-gb37851dbb3 (webtiles) character file.

Game seed: 13104698445661372074

167 innerfire43 the Trooper (level 5, -12/42 HPs)
             Began as a Demonspawn Monk on July 1, 2023.
             Was a Follower of Ashenzari.
             Mangled by Duvessa
             ... wielding a +0 long sword of flaming
              (20 damage)
             ... on level 4 of the Dungeon.
             The game lasted 00:03:39 (2432 turns).

innerfire43 the Trooper (Demonspawn Monk)           Turns: 2432, Time: 00:03:40

Health: -12/42     AC:  5    Str: 19    XL:     5   Next: 23%
Magic:  5/5        EV: 14    Int: 11    God:    Ashenzari [*.....]
Gold:   136        SH:  0    Dex: 16    Spells: 4/4 levels left

rFire   . . .        u - +2 short sword (freeze)
rCold   . . .        d - orb {light}
rNeg    . . .        b - +0 robe
rPois   .            (no helmet)
rElec   .            (no cloak)
rCorr   .            (no gloves)
SInv    .            (no boots)
Will    .....        n - amulet "Cursed Repose" {Acrobat, Range, Cun} (curse)
Stlth   +            l - ring of the Perceptive Yoke {Str+6, Alch, Melee} (curse)
HPRegen 0.27/turn    m - ring of wizardry
MPRegen 0.09/turn

%: acrobat, wizardry (x1)
@: glowing
A: hooves 1, slimy green scales 2
a: Renounce Religion, Shatter the Chains


You were on level 4 of the Dungeon.
You worshipped Ashenzari.
Ashenzari was aware of your devotion.
You visited 1 branch of the dungeon, and saw 4 of its levels.

You collected 136 gold pieces.

Inventory:

Hand Weapons
 a - a +0 hand axe
 s - a +1 dagger of protection
 u - a +2 short sword of freezing (weapon)
Armour
 b - a +0 robe (worn)
 d - an orb of light (worn)
Jewellery
 l - the cursed ring of the Perceptive Yoke (left hand) {Str+6, Alch, Melee}
   (You found it on level 2 of the Dungeon)

   [ring of strength]

   Str:       It affects your strength (+6).
   It has a curse which improves the following skills: Alchemy: Poison Magic and
   Transmutations.
   Melee Combat: Short Blades, Long Blades, Axes, Maces & Flails, Polearms,
   Staves and Unarmed Combat.
 m - a ring of wizardry (right hand)
 n - the cursed amulet "Cursed Repose" (around neck) {Acrobat, Range, Cun}
   (You found it on level 3 of the Dungeon)

   [amulet of the acrobat]

   It increases your evasion while moving and waiting.
   It has a curse which improves the following skills: Ranged Combat: Ranged
   Weapons and Throwing.
   Cunning:   Dodging and Stealth.
Scrolls
 e - a scroll of fog
 f - a scroll of amnesia
 i - 2 scrolls of identify
 o - a scroll of blinking
 r - a scroll of silence
Potions
 c - a potion of ambrosia
 g - 3 potions of lignification
 h - 2 potions of haste
 j - 2 potions of degeneration
 k - a potion of mutation
 p - a potion of brilliance
 t - a potion of enlightenment


   Skills:
 + Level 4.2 Fighting
 * Level 1.1(1.6) Short Blades
 - Level 3.6(4.3) Axes
 + Level 3.7(4.4) Dodging


You had 4 spell levels left.
You didn't know any spells.
Your spell library contained the following spells:

 Spells                   Type           Power      Damage    Failure   Level
 Magic Dart               Conj           0%         1d3       14%         1
 Call Imp                 Summ           0%         N/A       21%         2
 Mephitic Cloud           Conj/Pois/Air  0%         N/A       38%         3
 Tukima's Dance           Hex            0%         N/A       38%         3
 Passage of Golubria      Tloc           0%         N/A       77%         4
 Yara's Violent Unravell  Hex/Tmut       0%         3d3       98%         5
 Storm Form               Tmut/Air       0%         N/A       100%        7
 Maxwell's Capacitive Co  Air            0%         ∞         100%        8


Dungeon Overview and Level Annotations

Branches:
Dungeon (4/15)
 Temple: D:4-7

Altars:
Ashenzari
Fedhas
Kikubaaqudgha
Sif Muna

Shops:
D:2 (:(

Annotations:
D:4 Duvessa


Innate Abilities, Weirdness & Mutations

You have large cloven feet.
You are mostly covered in slimy green scales. (AC +3)


Message History

You hit Dowan. You freeze Dowan. You kick Dowan.
Dowan is almost dead.
Dowan misses you.
You hit Dowan. You freeze Dowan.
You kill Dowan!
You hear a distant scream of rage.
Your Short Blades skill increases to level 1!
You have reached level 5!
Duvessa, Sister of Dowan comes into view.
She is wielding a +0 long sword of flaming.
Duvessa is nearby!
Duvessa shouts!
Duvessa goes berserk!
You hear a shout!
Duvessa is nearby!
Duvessa completely misses you. x2
There is an empty arch of ancient stone here.
You hit Duvessa but do no damage. Duvessa misses you.
You hit Duvessa but do no damage.
Duvessa hits you with a +0 long sword of flaming!!
Ouch! That really hurt!
Duvessa burns you!
* * * LOW HITPOINT WARNING * * *
You are too injured to fight recklessly!
You are too injured to fight recklessly!
You feel much better.
Duvessa hits you with a +0 long sword of flaming!
Duvessa burns you.
Duvessa hits you with a +0 long sword of flaming.
Duvessa burns you.
You hit Duvessa but do no damage. You kick Duvessa, but do no damage.
Duvessa hits you with a +0 long sword of flaming!
* * * LOW HITPOINT WARNING * * *
Duvessa burns you.
* * * LOW HITPOINT WARNING * * *
You feel much better.
Duvessa hits you with a +0 long sword of flaming!
Duvessa burns you.
* * * LOW HITPOINT WARNING * * *
Duvessa hits you with a +0 long sword of flaming!!
You die...

###### #....# ###
#....# #..#
#########....###.:_#
<.......'....##....#
#########...##...#
#..##...##
##.#..)#@#
#....###e..# #...##
..## #..## .## ####
##


You could see Duvessa (berserk).

Vanquished Creatures
  Dowan (D:4)
  4 adders
  2 worms (D:2)
  3 dart slugs
  An orc (D:3)
  4 ball pythons
  5 endoplasms
  5 giant cockroaches
  8 hobgoblins
  3 jackals (D:3)
  5 quokkas
  5 bats
  5 frilled lizards
  7 goblins
  3 kobolds
  4 rats
65 creatures vanquished.

Notes
Turn   | Place    | Note
-------+----------+-------------------------------------------
     0 | D:1      | innerfire43 the Demonspawn Monk began the quest for the
                  | Orb.
     0 | D:1      | Reached XP level 1. HP: 18/18 MP: 1/1
   149 | D:1      | Gained mutation: You are partially covered in slimy green
                  | scales. (AC +2) [demonic ancestry]
   149 | D:1      | Reached XP level 2. HP: 21/24 MP: 2/2
   614 | D:1      | Gained mutation: You have large cloven feet. [demonic
                  | ancestry]
   614 | D:1      | Reached XP level 3. HP: 29/29 MP: 3/3
   812 | D:2      | Found Wosigg's Book Shop.
  1284 | D:2      | Found Lubewnis's Weapon Boutique.
  1417 | D:2      | Found Qusuriup's Antique Weapon Emporium.
  1610 | D:3      | Found an ancient bone altar of Kikubaaqudgha.
  1624 | D:3      | Gained mutation: You are mostly covered in slimy green
                  | scales. (AC +3) [demonic ancestry]
  1624 | D:3      | Reached XP level 4. HP: 37/37 MP: 4/4
  1754 | D:3      | Found a faded altar of an unknown god.
  1813 | D:3      | Prayed at the altar of an unknown god.
  1813 | D:3      | Became a worshipper of Ashenzari the Shackled
  1910 | D:3      | Reached * piety under Ashenzari
  2073 | D:3      | Reached skill level 4 in Fighting
  2078 | D:3      | Found a glowing drain.
  2169 | D:3      | Found a blossoming altar of Fedhas.
  2415 | D:4      | Noticed Dowan
  2415 | D:4      | Identified Sif Muna's Parchment of Numb Dislocation
  2416 | D:4      | Found a shimmering blue altar of Sif Muna.
  2423 | D:4      | Killed Dowan
  2424 | D:4      | Reached skill level 1 in Short Blades
  2424 | D:4      | Reached XP level 5. HP: 42/42 MP: 5/5
  2425 | D:4      | Noticed Duvessa
  2432 | D:4      | Mangled by Duvessa

Illustrated notes

Levels and vault maps discovered:
D:1:      scummos_arrival_checkerplants, layout_basic, minmay_octomino_c4
D:2:      layout_loops_ring, serial_shops, shop,
          nicolae_shop_bloodbath_and_beyond, shop_statue, minmay_crystal_water
D:3:      layout_loops_ring, fedhas_altar_fruit_tree,
          mainiacjoe_overflow_catwalk_spiral,
          ebering_ecumenical_altar_sacrificial, gup_sewer_entry_pipe,
          corexii_leaking_fountain
D:4:      layout_basic, nemelex_spade_bored_becter,
          nzn_overflow_gifts_of_might_and_magic

Skill      XL: |  1  2  3  4 |
---------------+-------------+-----
Axes           | 3 |  3.6
Dodging        | 3 |  3.7
Fighting       | 4 |  4.2
Short Blades   | 1 |  1.1

Action                     |  1- 3 |  4- 6 || total
---------------------------+-------+-------++-------
  Melee: Hand axe          |   102 |    43 ||   145
         Kick              |    13 |    10 ||    23
         Short sword       |       |     8 ||     8
 Invoke: Curse Item        |       |     2 ||     2
    Use: Scroll            |     2 |       ||     2
         Potion            |     1 |     2 ||     3
   Stab: Sleeping          |     1 |       ||     1
 Armour: Robe              |    30 |     7 ||    37
  Dodge: Dodged            |    81 |    43 ||   124

Table legend: (Time is in decaauts)
 A = Elapsed time spent in this place.
 B = Non-inter-level travel time spent in this place.
 C = Inter-level travel time spent in this place.
 D = Time resting spent in this place.
 E = Time spent auto-exploring this place.
 F = Levels seen in this place.
 G = Mean time per level.
                   A        B        C        D        E       F      G
               +--------+--------+--------+--------+--------+-----+--------+
         Total |   2457 |   2397 |     60 |      0 |   1987 |   4 |  614.2 |
       Dungeon |   2457 |   2397 |     60 |      0 |   1987 |   4 |  614.2 |
               +--------+--------+--------+--------+--------+-----+--------+

Top non-repeatable levels by time:
     D:2: 844 daAuts
     D:3: 802 daAuts
     D:1: 780 daAuts
     D:4: 30 daAuts
